 Dungeon Crawl Stone Soup version 0.30-a0-55-g90e3122c3a (webtiles) character file.

Game seed: 8396336952633968353

203 kae the Firebug (level 5, 0/28 HPs)
             Began as a Deep Elf Fire Elementalist on Sept 9, 2022.
             Killed by divine providence
             ... invoked by an orc priest
              (15 damage)
             ... on level 3 of the Dungeon.
             The game lasted 00:02:34 (3366 turns).

kae the Firebug (Deep Elf Fire Elementalist)        Turns: 3366, Time: 00:02:34

Health: 0/28       AC:  2    Str:  5    XL:     5   Next: 51%
Magic:  11/13      EV: 12    Int: 22    God:
Gold:   154        SH:  0    Dex: 15    Spells: 6/12 levels left

rFire   . . .      SeeInvis .    (no weapon)
rCold   . . .      Faith    .    (no shield)
rNeg    . . .      Spirit   .    a - +0 robe
rPois   .          Reflect  .    (no helmet)
rElec   .          Harm     .    (no cloak)
rCorr   .          Rampage  .    (no gloves)
Will    +....                    (no boots)
Stlth   ++........               (no amulet)
HPRegen 0.09/turn                l - ring of willpower
MPRegen 0.13/turn                (no ring)

@: no status effects
A: no striking features
a: no special abilities


You were on level 3 of the Dungeon.
You visited 1 branch of the dungeon, and saw 3 of its levels.

You collected 154 gold pieces.


   Skills:
 - Level 2.4 Dodging
 - Level 2.4 Stealth
 + Level 4.3 Spellcasting
 * Level 3.8 Conjurations
 * Level 5.0 Fire Magic


You had 6 spell levels left.
You knew the following spells:

 Your Spells              Type           Power      Damage    Failure   Level
a - Foxfire               Conj/Fire      96%        2x1d8     1%          1
b - Scorch                Fire           54%        2d8       1%          2
c - Conjure Flame         Conj/Fire      24%        6-21      5%          3

Your spell library contained the following spells:

 Spells                   Type           Power      Damage    Failure   Level
 Slow                     Hex            16%        N/A       11%         1
 Inner Flame              Hex/Fire       15%        N/A       12%         3
 Flame Wave               Conj/Fire      24%        2d8       17%         4
 Confusing Touch          Hex            4%         N/A       32%         3
 Vampiric Draining        Necr           4%         2d6       32%         3

Inventory:

Missiles
 c - 48 stones
Armour
 a - a +0 robe (worn)
Jewellery
 l - a ring of willpower (left hand)
   (You found it on level 2 of the Dungeon)
Scrolls
 f - a scroll of noise {unknown}
 h - a scroll of fog {unknown}
 i - a scroll of identify {unknown}
Potions
 b - a potion of magic
 d - a potion of heal wounds {unknown}
 e - a potion of curing {@q1}
 g - a potion of haste {unknown}
 j - a potion of flight {unknown}
 k - a potion of lignification {unknown}

Dungeon Overview and Level Annotations

Branches:
Dungeon (3/15) Zot: 14628

Altars:

Shops:
D:1 [![:

###### *..###.....*,*
#....#####..#..).#**.#
###.##.##.........####.#*****
....##.##...............,,,,*
....##.##...............,,,,*
.....#.##.......o.......,,,,*
>....#..#.......oo......,,,,*
.....##.#.......o.......,,,,*
.....##.#.......@.?.....,,,,*
.....##.................,,,,*
....###...........######*****
..................#
...##.†.###.#######
##.##.#.##..# ##....#....##
...)....###* ...###..#


You could see 2 orc priests and 2 orcs.


Message History

You miscast Foxfire.
You are very lightly contaminated with residual magic.
Nothing appears to happen. 😎 MP[-1]
You lost 1 mp, and now have 10/13 mp.
Casting: Foxfire (safe; 1% risk of failure)
Confirm with . or Enter, or press ? or * to list all spells.
Flames lash the orc priest.
The orc priest's fire resistance burns away.
The orc priest mumbles some strange prayers to Beogh against you.
Beogh smites you! 😮 HP[-12] MP[-2]
You take 12 damage, and now have 16/28 hp.
MASSIVE DAMAGE!! (PAUSE)
You lost 2 mp, and now have 8/13 mp.
Casting: Scorch (safe; 2% risk of failure)
Confirm with . or Enter, or press ? or * to list all spells.
Flames lash the orc priest.
The orc priest is burned terribly!
You kill the orc priest!
Your Fire Magic skill increases to level 5! 😮 MP[-1]
You lost 1 mp, and now have 7/13 mp.
Your magical contamination has completely faded away.
Key pressed, stopping explore.
You see here a +1 flail of holy wrath. 😎 HP[+12] MP[+6]
Your hp is fully restored (28).
Your mp is fully restored (13).
A giant cockroach comes into view.
Unknown command.
A giant cockroach is nearby!
A giant cockroach is nearby!
A giant cockroach is nearby!
Casting: Scorch (safe; 1% risk of failure)
Confirm with . or Enter, or press ? or * to list all spells.
You conjure some foxfire!
The foxfire hits the giant cockroach.
You kill the giant cockroach! 😎 MP[-1]
You lost 1 mp, and now have 12/13 mp.
Casting: Foxfire (safe; 1% risk of failure)
Confirm with . or Enter, or press ? or * to list all spells.
You can't see any susceptible monsters within range! (Use Z to cast anyway.)
A bat comes into view.
The bat moves out of view. 😎 MP[+1]
Your mp is fully restored (13).
Casting: Foxfire (safe; 1% risk of failure)
Confirm with . or Enter, or press ? or * to list all spells.
You can't see any susceptible monsters within range! (Use Z to cast anyway.)
Found a stone staircase leading up.
A bat is nearby!
A bat is nearby!
A bat is nearby!
Casting: Foxfire (safe; 1% risk of failure)
Confirm with . or Enter, or press ? or * to list all spells.
You conjure some foxfire!
The foxfire hits the bat.
You kill the bat! 😎 MP[-1]
You lost 1 mp, and now have 12/13 mp.
An orc priest and 2 orcs come into view. 😎 MP[+1]
Your mp is fully restored (13).
Casting: Foxfire (safe; 1% risk of failure)
Confirm with . or Enter, or press ? or * to list all spells.
You conjure some foxfire!
The orc priest shouts!
An orc priest comes into view. It is wielding a +0 morningstar.
The orc priest invokes the aid of Beogh against you.
Beogh smites you!
There are monsters nearby!
Casting: Foxfire (safe; 1% risk of failure)
Confirm with . or Enter, or press ? or * to list all spells.
You conjure some foxfire!
The foxfire hits the orc.
An orc comes into view. It is wielding a +0 dagger.
The foxfire hits the orc. x2
You kill the orc!
There are monsters nearby! 😮 HP[-12] MP[-2]
You take 12 damage, and now have 16/28 hp.
MASSIVE DAMAGE!! (PAUSE)
You lost 2 mp, and now have 11/13 mp. 😮 HP[+1]
There is a stone staircase leading up here. 😮 MP[+1]
Casting: Foxfire (safe; 1% risk of failure)
Confirm with . or Enter, or press ? or * to list all spells.
You conjure some foxfire!
The orc priest cheers repeatedly.
The foxfire hits the orc. x2 😮 MP[-1]
You lost 1 mp, and now have 11/13 mp.
The orc barely misses you. The orc closely misses you.
The orc hits you from afar with a +0 trident.
The orc priest casts a cantrip, but nothing happens.
The orc priest invokes the aid of Beogh against you.
Beogh smites you!
Ouch! That really hurt!
You die...

Skill      XL: |  1  2  3  4  5 |
---------------+----------------+-----
Conjurations   | 2 3 |  3.8
Fire Magic     | 4 5 |  5.0
Spellcasting   | 4 |  4.3
Dodging        | |  2.4
Stealth        | |  2.4

Action                   |  1- 3 |  4- 6 || total
-------------------------+-------+-------++-------
Melee: Unarmed           |       |     1 ||     1
 Cast: Foxfire           |    55 |    70 ||   125
       Scorch            |     6 |    13 ||    19
  Use: Scroll            |       |     2 ||     2
       Potion            |       |     1 ||     1
Armor: Robe              |     6 |     1 ||     7
Dodge: Dodged            |    16 |    35 ||    51

Levels and vault maps discovered:
D:1:      dpeg_arrival_renting, layout_rooms, serial_shops,
          nicolae_shop_hallway_plus, shop, shop, nicolae_lakefront_shop
D:2:      layout_rooms, uniq_robin
D:3:      layout_rooms, tso_oasis_becter, nicolae_overflow_squiral,
          reono_crystal_passage, hangedman_glass_teeth

Notes
Turn   | Place    | Note
-------+----------+-------------------------------------------
     0 | D:1      | kae the Deep Elf Fire Elementalist began the quest for the
                  | Orb.
     0 | D:1      | Reached XP level 1. HP: 10/10 MP: 6/6
     0 | D:1      | magus.rc [v1.11.3]
    33 | D:1      | Found Jymyatysch's Antique Armour Shop.
    47 | D:1      | Found Qemaufu's Distillery.
   235 | D:1      | Reached XP level 2. HP: 13/15 MP: 4/8
   244 | D:1      | Learned a level 2 spell: Scorch
   472 | D:1      | Reached skill level 2 in Conjurations
   502 | D:1      | Found Wyppoc's Book Shop.
   687 | D:1      | Found Qegy's Armour Shop.
   768 | D:1      | Reached XP level 3. HP: 16/19 MP: 6/9
   776 | D:1      | Learned a level 3 spell: Conjure Flame
  1026 | D:2      | Reached skill level 4 in Fire Magic
  1185 | D:2      | You pick up a book of Debilitation and begin reading...
  1185 | D:2      | You add the spells Slow, Vampiric Draining and Confusing
                  | Touch to your library.
  1225 | D:2      | Noticed Robin
  1235 | D:2      | Killed Robin
  1445 | D:2      | Reached XP level 4. HP: 13/24 MP: 8/11
  1858 | D:2      | HP: 4/24 [worm (11)]
  1875 | D:2      | Reached skill level 3 in Conjurations
  2250 | D:3      | Reached skill level 4 in Spellcasting
  2533 | D:3      | Reached XP level 5. HP: 28/28 MP: 9/13
  2616 | D:3      | Identified the +5 whip of Hubris {vamp, +Blink}
  3178 | D:3      | Reached skill level 5 in Fire Magic
  3366 | D:3      | Killed from afar by an orc priest

Vanquished Creatures
  An orc priest (D:3)
  2 orc wizards (D:3)
  Robin (D:2)
  An adder (D:2)
  2 worms (D:2)
  2 dart slugs
  7 orcs
  6 endoplasms
  2 giant cockroaches (D:3)
  16 goblins
  7 hobgoblins
  7 jackals
  6 kobolds (D:1)
  4 quokkas
  3 ball pythons (D:1)
  4 bats
  3 frilled lizards
  4 rats (D:2)
78 creatures vanquished.

Vanquished Creatures (collateral kills)
  A foxfire (D:2)
1 creature vanquished.

Vanquished Creatures (others)
  216 foxfires
216 creatures vanquished.

Grand Total: 295 creatures vanquished

Table legend:
 A = Non-vault XP
 B = Vault XP
 C = Vault XP percentage of total XP
 D = Non-vault monster count
 E = Vault monster count
 F = Vault count percentage of total count
                 A         B        C        D         E       F
            +---------+---------+-------+---------+---------+-------
      Total |     252 |      39 |  13.4 |      65 |      13 |  16.7
            +---------+---------+-------+---------+---------+-------
        D:1 |      44 |       2 |   4.3 |      25 |       1 |   3.8
        D:2 |      62 |      37 |  37.4 |      23 |      12 |  34.3
        D:3 |     146 |       0 |   0.0 |      17 |       0 |   0.0
            +---------+---------+-------+---------+---------+-------

Illustrated notes

Table legend:
 A = Kills in this place as a percentage of kills in entire the game.
 B = Kills by you in this place as a percentage of kills by you in the entire game.
 C = Kills by friends in this place as a percentage of kills by friends in the entire game.
 D = Other kills in this place as a percentage of other kills in the entire game.
 E = Experience gained in this place as a percentage of experience gained in the entire game.
 F = Experience gained in this place divided by the number of levels of this place that you have seen.
                   A       B       C       D       E      F
               +-------+-------+-------+-------+-------+----------------------
         Total | 100.0 | 100.0 |   N/A |   N/A | 100.0 |  97.0
       Dungeon | 100.0 | 100.0 |   N/A |   N/A | 100.0 |  97.0
               +-------+-------+-------+-------+-------+----------------------

Table legend: (Time is in decaauts)
 A = Elapsed time spent in this place.
 B = Non-inter-level travel time spent in this place.
 C = Inter-level travel time spent in this place.
 D = Time resting spent in this place.
 E = Time spent auto-exploring this place.
 F = Levels seen in this place.
 G = Mean time per level.
                   A        B        C        D        E       F      G
               +--------+--------+--------+--------+--------+-----+--------+
         Total |   3371 |   3316 |     55 |    694 |   2156 |   3 | 1123.7 |
       Dungeon |   3371 |   3316 |     55 |    694 |   2156 |   3 | 1123.7 |
               +--------+--------+--------+--------+--------+-----+--------+

Top non-repeatable levels by time:
     D:2: 1695 daAuts
     D:1: 1143 daAuts
     D:3: 532 daAuts
